Cogmind - Beta 14 @@@ ROGUE MODE // 2025.03.12 @ 11:50:41 Player: BoomBlip Result: Destroyed by H-66 Slayer with Gauss Rifle Performance ------------- Evolutions (4) 2000 Regions Visited (7) 1400 Robots Destroyed (65) 325 Value Destroyed (2279) 2279 Prototype IDs (7) 140 Alien Tech Used (0) 0 Bonus (339) 339 TOTAL SCORE: 6483 Bonus ------- Follower Combat Kills 39 Aligned with FarCom 300 Cogmind --------- Core Integrity 0/850 Matter 260/300 Energy 42/100 System Corruption 7% Temperature Cool (0) Movement Core (50) Location -6/Factory Parts ------- > --- POWER (1) -------- (None) > --- PROPULSION (4) --- (None) > --- UTILITY (7) ------ (None) > --- WEAPON (3) ------- (None) > --- INVENTORY (5) ---- Light Ion Engine Micro Nuclear Core Cooled VTOL Module Large Storage Unit Trap Reconfigurator Peak State ------------ > --- POWER ------------ Light Fission Core > --- PROPULSION ------- Armored Huge Wheel Armored Huge Wheel > --- UTILITY ---------- Improved Heat Sink Advanced Heat Sink Huge Storage Unit Triangulator Enhanced Optical Array Improved Utility Shielding Hacking Suite > --- WEAPON ----------- Cooled Pulse Rifle Cooled Plasma Cannon Coil Gun > --- INVENTORY -------- Light Ion Engine Micro Nuclear Core Light Angular Momentum Engine Light Angular Momentum Engine Armored Wheel Armored Huge Wheel Armored Huge Wheel Armored Huge Wheel Xenon Bombardment Thruster Cooled VTOL Module Improved Heat Sink Large Storage Unit Huge Storage Unit Improved Light Armor Plating Trap Reconfigurator Heavy Laser Gatling Laser Gatling Laser Heavy Machine Gun Heavy Flak Cannon Rocket Launcher [Rating: 71] Favorites ----------- Power Ion Engine Engine Ion Engine Power Core Light Fission Core Propulsion Wheel Treads Light Treads Leg Aluminum Leg Wheel Wheel Flight Unit Cesium-ion Thruster Utility Improved Heat Sink Device Improved Heat Sink Storage Huge Storage Unit Processor Enhanced Optical Array Hackware Hacking Suite Protection Medium Armor Plating Weapon Medium Laser Energy Gun Medium Laser Energy Cannon Cooled Plasma Cannon Ballistic Gun Coil Gun Ballistic Cannon Heavy Flak Cannon Launcher Rocket Launcher Slashing Weapon Segregator Build | -11 -10 -10 -10 -9 -8 -7 -6 ------- Run | Yrd Mat Min Exi Min Mat Fac Fac Slots Evolved 8 | . . . . . 4 2 2 Power . | . . . . . . . . Propulsion 2 | . . . . . 1 . 1 Utility 5 | . . . . . 3 1 1 Weapon 1 | . . . . . . 1 . Parts Attached 110 | . 5 . 5 2 37 16 45 Power 18 | . 1 . . . 6 3 8 Engine 10 | . 1 . . . 3 2 4 Core 8 | . . . . . 3 1 4 Reactor . | . . . . . . . . Propulsion 26 | . . . 2 . 9 3 12 Treads 2 | . . . . . 2 . . Leg . | . . . . . . . . Wheel 20 | . . . 2 . 7 3 8 Hover . | . . . . . . . . Flight 4 | . . . . . . . 4 Utility 31 | . 2 . 3 . 12 3 11 Device 11 | . 1 . 2 . 2 1 5 Storage 4 | . 1 . 1 . 1 . 1 Processor 2 | . . . . . 1 . 1 Hackware 1 | . . . . . . . 1 Protection 13 | . . . . . 8 2 3 Artifact . | . . . . . . . . Weapon 35 | . 2 . . 2 10 7 14 Energy Gun 21 | . 2 . . 2 8 6 3 Energy Cannon 3 | . . . . . . 1 2 Ballistic Gun 6 | . . . . . 2 . 4 Ballistic Cannon 2 | . . . . . . . 2 Launcher 2 | . . . . . . . 2 Special Weapon . | . . . . . . . . Impact Weapon . | . . . . . . . . Slashing Weapon 1 | . . . . . . . 1 Piercing Weapon . | . . . . . . . . Special Melee Weapon . | . . . . . . . . Unidentified Prototypes 7 | . . . 2 . 1 1 3 Parts Lost 50 | . 1 . . . 18 1 30 Power 8 | . . . . . 2 . 6 Propulsion 10 | . . . . . 6 . 4 Utility 14 | . . . . . 5 . 9 Weapon 18 | . 1 . . . 5 1 11 Highest Loss Streak 23 | . 1 . . . 11 1 23 To Critical Strikes 1 | . . . . . . . 1 Average Slot Usage (%) 82 | . 99 100 96 85 84 67 74 Engine 6 | . 14 14 14 14 4 2 2 Core 2 | . . . . . 4 3 3 Leg 6 | . 28 28 21 . . . . Wheel 13 | . . . 6 28 22 13 14 Device 11 | . 13 14 10 . 8 7 13 Storage 9 | . 14 14 14 14 9 7 5 Processor 4 | . . . . . 7 6 5 Hackware 1 | . . . . . . . 2 Protection 4 | . . . . . 9 2 5 Energy Gun 14 | . 15 28 28 28 14 13 7 Energy Cannon 2 | . . . . . . 6 4 Ballistic Gun 2 | . 12 . . . 2 . 3 Peak Build Rating 71 | . 8 8 16 9 25 33 71 Average Rating 30 | . 7 8 8 8 19 22 52 On Entrance 10 | 6 6 8 8 8 9 11 27 Naked Turns 6 | . . . . . . . 6 Heaviest Build 109 | 12 20 19 38 29 107 102 109 Greatest Support 56 | 20 20 20 20 20 42 36 56 Greatest Overweight (x) 6 | . . . 1 1 5 6 3 Average Overweight (x) 1 | . . . . 1 1 3 1 Largest Inventory Capacity 25 | . 10 10 15 15 25 25 25 Average Capacity 19 | . 9 10 10 15 21 25 24 Most Carried 25 | . 10 10 10 15 19 13 25 Average Carried 14 | . 8 10 9 12 15 10 18 Final Capacity 25 | 8 10 10 15 15 25 25 5 Final Carried 15 | 6 10 10 10 15 13 10 5 Class Distribution -------------------- 45% | Mutant 27% | Skirmisher 13% | Scavenger-Skirmisher 12% | Scavenger-Mutant Dominant Class ---------------- Mutant | -10/Materials Mutant | -10/Mines Mutant | -10/Exiles Mutant | -9/Mines Scavenger-Mutant | -8/Materials Scavenger-Skirmisher | -7/Factory Skirmisher | -6/Factory Resources | -11 -10 -10 -10 -9 -8 -7 -6 ----------- Run | Yrd Mat Min Exi Min Mat Fac Fac Matter Collected 1643 | 200 107 . . 70 477 130 659 Remotely . | . . . . . . . . Salvage Created 2605 | . 200 69 . 83 734 385 1134 Parts 140 | . 18 2 . 3 37 26 54 Haulers Intercepted 2 | . . . . . 1 . 1 Recyclers Shooed . | . . . . . . . . Parts Field Recycled . | . . . . . . . . Retrieved Matter . | . . . . . . . . Parts Self-Destructed . | . . . . . . . . Prevented . | . . . . . . . . Kills | -11 -10 -10 -10 -9 -8 -7 -6 ------- Run | Yrd Mat Min Exi Min Mat Fac Fac Combat Hostiles Destroyed 49 | . 7 2 . 2 9 7 22 Guns 38 | . 7 1 . 2 7 5 16 Cannons 6 | . . . . . . 2 4 AOE 3 | . . . . . 1 . 2 Classes Destroyed 16 | . 2 3 . . 6 2 3 Worker 5 | . . . . . 1 2 2 Builder 3 | . . 1 . . 1 1 . Tunneler 1 | . . . . . . . 1 Hauler 2 | . . . . . 1 . 1 Recycler 2 | . . . . . 2 . . Operator 2 | . . . . . 1 . 1 Watcher 2 | . . . . . . 1 1 Swarmer 11 | . 3 . . . . 3 5 Saboteur 1 | . . . . . . . 1 Grunt 18 | . 4 . . 2 4 2 6 Sentry 5 | . . . . . . 1 4 Demolisher 1 | . . 1 . . . . . Specialist 3 | . . . . . 2 . 1 Hunter 6 | . . . . . 3 1 2 Programmer 3 | . . . . . . . 3 Assembled 1 | . . 1 . . . . . Best Kill Streak 5 | . 3 1 . 2 5 4 5 Combat Bots Only 5 | . 3 1 . 2 3 3 5 Max Kills in Single Turn 2 | . 1 1 . 1 1 2 2 Gunslinging . | . . . . . . . . Exploded 1 | . . . . . 1 . 1 Melee . | . . . . . . . . Uniques/NPCs Destroyed . | . . . . . . . . Combat | -11 -10 -10 -10 -9 -8 -7 -6 -------- Run | Yrd Mat Min Exi Min Mat Fac Fac Hostile Shots Fired 657 | . 41 5 . 17 132 51 411 Missed 199 | . 13 . . 5 29 20 132 Damage Taken 7443 | . 310 99 . 136 2007 430 4461 Core 1525 | . 45 . . 54 499 65 862 Absorbed by Shields . | . . . . . . . . Redirected to Shielding 202 | . . . . . . 55 147 Core Remaining (%) 64 | 100 . . . 60 9 90 . Volleys Fired 169 | . 23 8 . 7 51 16 64 Largest 3 | . 2 2 . 2 2 3 3 Hottest 176 | . 90 90 . 90 119 176 169 Shots Fired 361 | . 45 16 . 14 94 40 152 Gun 297 | . 45 16 . 14 94 25 103 Cannon 62 | . . . . . . 15 47 Launcher 2 | . . . . . . . 2 Special . | . . . . . . . . Kinetic 120 | . 20 . . . 42 . 58 Thermal 182 | . 25 16 . 14 33 15 79 Explosive 2 | . . . . . . . 2 Electromagnetic 57 | . . . . . 19 25 13 Robot Hit Streak 18 | . 18 4 . 6 11 10 16 Robot Miss Streak 8 | . 5 2 . 1 3 1 8 Penetration Max 2 | . . . . . . . 2 Secondary Targets 3 | . 2 . . 1 . . . Max Gunslinging Chain 1 | . 1 . . 1 . . . Shots Hit Robots 251 | . 27 9 . 11 74 26 104 Core Hits 139 | . 11 5 . 7 28 18 70 Critical Kills 2 | . . . . . . . 2 Critical Parts Destroyed 1 | . . . . . . . 1 Critical Strikes 9 | . 1 1 . . 3 1 3 Burn 6 | . 1 1 . . 3 1 . Destroy 3 | . . . . . . . 3 Melee Attacks 1 | . . . . . . . 1 Thermal 1 | . . . . . . . 1 Impact . | . . . . . . . . Slashing . | . . . . . . . . Piercing . | . . . . . . . . Sneak Attacks . | . . . . . . . . Combat Hostiles . | . . . . . . . . Follow-up Attacks . | . . . . . . . . Damage Inflicted 5310 | . 338 107 . 140 1086 739 2900 Guns 3449 | . 338 107 . 137 947 365 1555 Cannons 1013 | . . . . . . 196 817 Explosions 795 | . . . . . 139 178 478 Melee . | . . . . . . . . Ramming 53 | . . . . 3 . . 50 Kinetic 1290 | . 132 . . . 326 . 832 Thermal 2794 | . 206 107 . 137 472 366 1506 Explosive 373 | . . . . . . . 373 Electromagnetic 800 | . . . . . 288 373 139 Impact . | . . . . . . . . Slashing . | . . . . . . . . Piercing . | . . . . . . . . Highest Corruption 7 | . . . . 1 . . 7 Average Corruption 5 | . . . . 1 . . 5 Corruption Purged . | . . . . . . . . Corruption Blocked . | . . . . . . . . Effects 49 | . . . . . . . 49 Message Errors 13 | . . . . . . . 13 Matter Fused 9 | . . . . . . . 9 Heat Flow Errors 3 | . . . . . . . 3 Energy Discharges 8 | . . . . . . . 8 Parts Rejected 1 | . . . . . . . 1 Data Loss (minor) 7 | . . . . . . . 7 Data Loss (major) 1 | . . . . . . . 1 Misfires 1 | . . . . . . . 1 Alerts 1 | . . . . . . . 1 Weapon Failures 5 | . . . . . . . 5 Overload Shots . | . . . . . . . . Overflow Damage 155 | . . . . . 13 26 116 Projectiles 22 | . . . . . . 9 13 Explosions 105 | . . . . . 13 17 75 Melee 28 | . . . . . . . 28 Knockbacks 12 | . . . . . . . 12 Impact . | . . . . . . . . Kinetic 11 | . . . . . . . 11 Secondary 1 | . . . . . . . 1 Self-Inflicted Damage 424 | . . . . 1 30 95 298 Shots 6 | . . . . . 1 2 3 Rammed 2 | . . . . 1 . . 1 Targets Rammed 2 | . . . . 1 . . 1 Kicked . | . . . . . . . . Crushed . | . . . . . . . . Highest Temperature 636 | . 174 90 . 288 636 120 381 Average Temperature 139 | . 50 36 . 151 207 53 186 Received Heat Transfer 1263 | . 141 9 . 78 504 54 477 Effects 16 | . . . . . 11 . 5 Shutdowns 3 | . . . . . 3 . . Energy Bleed 5 | . . . . . 3 . 2 Interference 4 | . . . . . 2 . 2 Matter Decay 2 | . . . . . 2 . . Short Circuit 1 | . . . . . . . 1 Damage (core) 1 | . . . . . 1 . . Siege Activations . | . . . . . . . . Robots Corrupted 1 | . . . . . 1 . . Combat Hostiles 1 | . . . . . 1 . . Parts Fried 6 | . . . . . 3 1 2 Impact Corruptions 1 | . . . . . . . 1 Robots Melted 1 | . . 1 . . . . . Combat Hostiles 1 | . . 1 . . . . . Parts Melted 19 | . 1 2 . . 6 2 8 Heat Transferred 5658 | . 655 359 . 359 1149 718 2418 Parts Sabotaged . | . . . . . . . . Parts Stolen . | . . . . . . . . Parts Stripped . | . . . . . . . . Power Chain Reactions 5 | . . . . . 2 2 1 Alert | -11 -10 -10 -10 -9 -8 -7 -6 ------- Run | Yrd Mat Min Exi Min Mat Fac Fac Peak Influence 234 | . 233 55 . 55 210 200 234 Initial 41 | . . 12 . . 21 4 41 Average 78 | . 122 20 . 52 62 99 83 Maximum Alert Level 1 | . 1 . . . 1 1 1 Low Security (%) 96 | . 80 100 . 100 95 97 97 Level 1 3 | . 20 . . . 4 2 2 Level 2 . | . . . . . . . . Level 3 . | . . . . . . . . Level 4 . | . . . . . . . . Level 5 . | . . . . . . . . High Security . | . . . . . . . . Max Security . | . . . . . . . . Squads Dispatched 10 | . 1 . . . 3 2 4 Investigation 1 | . . . . . . . 1 Extermination 2 | . . . . . . . 2 Reinforcement 6 | . 1 . . . 3 2 . Assault . | . . . . . . . . Garrison 1 | . . . . . . . 1 Intercept . | . . . . . . . . Searches Triggered . | . . . . . . . . Construction Impeded . | . . . . . . . . Haulers Reinforced . | . . . . . . . . Active Scanning Responses . | . . . . . . . . Cargo Convoy Interrupts 1 | . . . . . . . 1 Stealth | -11 -10 -10 -10 -9 -8 -7 -6 --------- Run | Yrd Mat Min Exi Min Mat Fac Fac Distress Signals 3 | . . 1 . . 1 . 1 Communications Jammed . | . . . . . . . . Distress Signals . | . . . . . . . . Times Spotted 92 | . 12 4 . 3 20 10 43 Peak Tracking Total 12 | . 3 1 . 3 4 4 12 Tactical Retreats 9 | . . . . . 2 1 6 Traps | -11 -10 -10 -10 -9 -8 -7 -6 ------- Run | Yrd Mat Min Exi Min Mat Fac Fac Traps Triggered 6 | . . . . . 4 . 2 Indirectly . | . . . . . . . . Trap Hack Attempts . | . . . . . . . . Triggered . | . . . . . . . . Disarmed . | . . . . . . . . Reprogrammed . | . . . . . . . . Reused . | . . . . . . . . Traps Extracted . | . . . . . . . . Installed . | . . . . . . . . Triggered . | . . . . . . . . Machines | -11 -10 -10 -10 -9 -8 -7 -6 ---------- Run | Yrd Mat Min Exi Min Mat Fac Fac Machines Disabled 4 | . . . . . 1 . 3 Max in Single Turn 2 | . . . . . 1 . 2 Garrison Access 2 | . . . . . 1 . 1 Machines Repaired . | . . . . . . . . Machines Dismantled . | . . . . . . . . Machines Sabotaged . | . . . . . . . . Overloaded Fab Kills . | . . . . . . . . Hacking | -11 -10 -10 -10 -9 -8 -7 -6 --------- Run | Yrd Mat Min Exi Min Mat Fac Fac Machines Accessed 18 | . 4 . 1 . 3 3 7 Terminals 13 | . 4 . . . 2 3 4 Fabricators 1 | . . . . . . . 1 Repair Stations . | . . . . . . . . Recycling Units . | . . . . . . . . Scanalyzers 1 | . . . . . . . 1 Garrison Access 2 | . . . . . 1 . 1 Total Hacks 53 | . 14 . 9 . 8 5 17 Successful 29 | . 7 . 9 . 3 . 10 Failed 24 | . 7 . . . 5 5 7 Catastrophic 5 | . 1 . . . 1 2 1 Database Lockouts . | . . . . . . . . Manual 37 | . 14 . 1 . 6 5 11 Terminals 36 | . 14 . . . 6 5 11 Fabricators 2 | . . . . . . . 2 Repair Stations . | . . . . . . . . Recycling Units . | . . . . . . . . Scanalyzers 3 | . . . . . . . 3 Garrison Access 3 | . . . . . 2 . 1 Terminal Hacks 10 | . . . 9 . . . 1 Record 9 | . . . 9 . . . . Unreport Threat 1 | . . . . . . . 1 Fabricator Hacks 1 | . . . . . . . 1 Load Schematic 1 | . . . . . . . 1 Repair Station Hacks . | . . . . . . . . Recycling Unit Hacks . | . . . . . . . . Scanalyzer 3 | . . . . . . . 3 Insert Component 1 | . . . . . . . 1 Analyze 2 | . . . . . . . 2 Garrison Access Hacks 2 | . . . . . 1 . 1 Seal Access 2 | . . . . . 1 . 1 Unauthorized Hacks 13 | . 7 . . . 2 . 4 Terminals 13 | . 7 . . . 2 . 4 Assimilate 4 | . 3 . . . 1 . . Botnet 8 | . 4 . . . 1 . 3 Operators 1 | . . . . . . . 1 Fabricators . | . . . . . . . . Repair Stations . | . . . . . . . . Recycling Units . | . . . . . . . . Scanalyzers . | . . . . . . . . Garrison Access . | . . . . . . . . Data Cores Recovered 1 | . . . . . . . 1 Used . | . . . . . . . . Hacking Detections 14 | . 4 . . . 1 3 6 Full Trace Events 1 | . . . . . . . 1 Feedback Events . | . . . . . . . . Feedback Blocked . | . . . . . . . . Robot Schematics Acquired . | . . . . . . . . Robots Built . | . . . . . . . . Authchips . | . . . . . . . . Time . | . . . . . . . . Total Robot Build Rating . | . . . . . . . . Part Schematics Acquired 1 | . . . . . . . 1 Parts Built . | . . . . . . . . Authchips . | . . . . . . . . Time . | . . . . . . . . Total Part Build Rating . | . . . . . . . . Parts Repaired . | . . . . . . . . Time . | . . . . . . . . Parts Recycled . | . . . . . . . . Recycled Matter . | . . . . . . . . Retrieved Matter . | . . . . . . . . Retrieved Components . | . . . . . . . . Parts Scanalyzed 1 | . . . . . . . 1 Part Schematics Acquired 1 | . . . . . . . 1 Parts Damaged . | . . . . . . . . Bothacking | -11 -10 -10 -10 -9 -8 -7 -6 ------------ Run | Yrd Mat Min Exi Min Mat Fac Fac Used RIF Installer . | . . . . . . . . Robots Hacked . | . . . . . . . . Non-combat . | . . . . . . . . Combat . | . . . . . . . . Robot Hacks Applied . | . . . . . . . . Relay Couplers Released . | . . . . . . . . Fabnet Peak Effective % . | . . . . . . . . Robots Rewired . | . . . . . . . . Allies Hacked . | . . . . . . . . Hacks Repelled . | . . . . . . . . Allies | -11 -10 -10 -10 -9 -8 -7 -6 -------- Run | Yrd Mat Min Exi Min Mat Fac Fac Total Allies 4 | . . 4 . . . . . Largest Group 4 | . . 4 1 . . . . Highest-Rated Group 71 | . . 71 16 . . . . Highest-Rated Ally 31 | . . 31 16 . . . . Total Orders . | . . . . . . . . Ally Attacks 16 | . . 16 . . . . . Total Damage 174 | . . 174 . . . . . Kills 2 | . . 2 . . . . . Allies Corrupted . | . . . . . . . . Allies Melted . | . . . . . . . . Intel | -11 -10 -10 -10 -9 -8 -7 -6 ------- Run | Yrd Mat Min Exi Min Mat Fac Fac Robot Analysis Total . | . . . . . . . . Derelict Logs Recovered 2 | . . 1 . 1 . . . Drone Launches . | . . . . . . . . Drone Recoveries . | . . . . . . . . Exploration | -11 -10 -10 -10 -9 -8 -7 -6 ------------- Run | Yrd Mat Min Exi Min Mat Fac Fac Turns Passed 5121 | . 400 347 604 292 822 453 2203 Spaces Moved 3439 | 1 251 269 536 278 474 233 1397 Core 9 | . . . . . . . 9 Treads 7 | . . . . . 7 . . Legs 905 | 1 251 269 384 . . . . Wheels 2513 | . . . 152 278 467 233 1383 Hover . | . . . . . . . . Flight 5 | . . . . . . . 5 Fastest Speed 35 | 120 120 120 80 95 86 116 35 Average Speed 115 | 120 120 120 110 95 113 145 114 Slowest Speed 480 | 120 120 120 120 95 480 190 145 Overloaded Moves . | . . . . . . . . Propulsion Burnouts . | . . . . . . . . Robots Hopped . | . . . . . . . . Cave-ins Triggered . | . . . . . . . . Exploration Rate (%) 41 | 2 48 69 65 68 42 6 32 Regions Visited 7 Branch Regions 3 Pre-discovered Areas . | . . . . . . . . Known Exits Taken 1 | . . 1 . . . . . Unknown Exits Taken 6 | 1 1 . 1 1 1 1 . Scrap Searched 2 | . . 1 . 1 . . . Spaces Dug . | . . . . . . . . Terrain Destroyed 60 | . . . . . 13 5 42 Melee . | . . . . . . . . Projectile 8 | . . . . . . . 8 AOE 52 | . . . . . 13 5 34 Terrain Rammed . | . . . . . . . . Walls Destroyed . | . . . . . . . . Machines Disabled . | . . . . . . . . Actions | -11 -10 -10 -10 -9 -8 -7 -6 --------- Run | Yrd Mat Min Exi Min Mat Fac Fac Total 4272 | . 307 280 549 290 668 312 1866 Wait 455 | . 21 . . . 83 38 313 Move 3432 | . 250 268 535 277 473 232 1397 Hop . | . . . . . . . . Pick Up 46 | . 5 2 2 3 10 2 22 Fast Attach 49 | . 1 . 3 . 18 7 20 Attach 35 | . 1 . 2 . 10 5 17 Detach 1 | . . . . . . . 1 Swap 26 | . 3 . . 2 9 4 8 Drop 55 | . 3 2 6 . 14 8 22 Fire 169 | . 23 8 . 7 51 16 64 Melee 1 | . . . . . . . 1 Ram 2 | . . . . 1 . . 1 Kick . | . . . . . . . . Crush . | . . . . . . . . Escape Stasis . | . . . . . . . . Rewire 1 | . . . 1 . . . . Trap . | . . . . . . . . Miscellaneous . | . . . . . . . . Route ------- -11/Scrapyard -10/Materials (discovered 2 exits: [*Mat] / [*Min]) -10/Mines (discovered 2 exits: [*Mat] / *Exi) -10/Exiles (discovered 2 exits: [*Min x2]) -9/Mines -8/Materials -7/Factory -6/Factory History --------- Turn | Location | Event 1 | -11/Scrapyard | Discovered new exit (range 0) 1 | -11/Scrapyard | Entered Materials 186 | -10/Materials | Discovered new exit (range 15) 309 | -10/Materials | Build established: Mutant 339 | -10/Materials | Discovered new exit (range 16) 401 | -10/Materials | Entered Mines 404 | -10/Mines | Received a Mining Laser from a helpful Derelict 437 | -10/Mines | Discovered new exit (range 5) 444 | -10/Mines | Received a Rocket Launcher from a helpful Derelict 457 | -10/Mines | Identified exit to Exiles 509 | -10/Mines | Found a hidden stash of uninstalled traps 529 | -10/Mines | Assembled infested the area 599 | -10/Mines | Assisted by bots powering up and referring to "LRC-V3" 743 | -10/Mines | Deemed a non-threat by the Exiles lab entrance 748 | -10/Mines | Entered Exiles 748 | -10/Exiles | Accompanied by 1 ally 764 | -10/Exiles | Discovered new exit (range 15) 781 | -10/Exiles | Met 8R-AWN 798 | -10/Exiles | Met EX-HEX 854 | -10/Exiles | Met EX-BIN 1156 | -10/Exiles | Aligned with FarCom system 1157 | -10/Exiles | Given EX-Vault access code 1196 | -10/Exiles | Opened EX-Vault 1201 | -10/Exiles | Found Prototype Device 1201 | -10/Exiles | Identified Trap Reconfigurator 1207 | -10/Exiles | Found Prototype Device 1207 | -10/Exiles | Identified Skeleton Box 1234 | -10/Exiles | Warned to stay clear of 0b10 Research branches 1257 | -10/Exiles | Met EX-DEC 1312 | -10/Exiles | Discovered new exit (range 10) 1352 | -10/Exiles | Left Exiles lab with Trap Reconfigurator 1352 | -10/Exiles | Entered Mines 1401 | -9/Mines | Met a Derelict bent on vengeance 1413 | -9/Mines | YI-UF0 nonchalantly dropped a Grenade Launcher on the ground 1535 | -9/Mines | Learned Materials stockpile data 1629 | -9/Mines | Discovered new exit (range 11) 1644 | -9/Mines | Entered Materials 1644 | -8/Materials | Evolved 4 slots: Propulsion x1, Utility x3 2140 | -8/Materials | Build established: Scavenger-Mutant 2300 | -8/Materials | Core integrity fell below 50% 2368 | -8/Materials | Lost 11 parts (1p4n3u3w) 2438 | -8/Materials | Discovered new exit (range 13) 2461 | -8/Materials | Core integrity fell below 20% 2466 | -8/Materials | Entered Factory 2466 | -7/Factory | Evolved 2 slots: Utility x1, Weapon x1 2485 | -7/Factory | Lost 5 parts (1p2n1u1w) 2793 | -7/Factory | Build established: Scavenger-Skirmisher 2868 | -7/Factory | Discovered new exit (range 12) 2919 | -7/Factory | Entered another Factory area 2919 | -6/Factory | Evolved 2 slots: Propulsion x1, Utility x1 3506 | -6/Factory | Lost 4 parts (2u2w) 3591 | -6/Factory | Build established: Mutant 3932 | -6/Factory | Build established: Skirmisher 4195 | -6/Factory | Garrison activated, responded to threat 5014 | -6/Factory | Cargo convoy interrupted 5060 | -6/Factory | Core integrity fell below 50% 5111 | -6/Factory | Released all parts (7) 5117 | -6/Factory | Core integrity fell below 20% 5122 | -6/Factory | Destroyed by H-66 Slayer with Gauss Rifle Last Messages --------------- 05111_ Released Mic. Nuclear Core. 05111_ Released Cesium-ion Thruster. 05111_ Released Xenon Bombardment Thruster. 05111_ Released Cld. VTOL Module. 05111_ Acquired Imp. Ion Engine. 05111_ Penetrated by Slug. 05111_ Imp. Ion Engine destroyed. 05112_ Penetrated by Slug. 05113_ K-01 Serf collects debris. 05113_ Acquired Cesium-ion Thruster. 05114_ R-10 Processor collects Gauss Rifle. 05115_ Dropped Phase Cannon. 05116_ Acquired Xenon Bombardment Thruster. 05117_ R-10 Processor collects Wheel. 05118_ Dropped Xenon Bombardment Thruster. 05118_ Acquired Cld. VTOL Module. 05118_ Cesium-ion Thruster destroyed. 05118_ Penetrated by Slug. 05121_ R-10 Processor collects Mic. Fission Core. 05122_ Penetrated by Slug. Map ----- +----------------------------------------------------+ | ??????????????????????????????????# #??????????? | | ??????????????????????????????????# #??????????? | | ??????????????????????????????????# #??????????? | | ??????##################??????????# #??????????? | | ??????# #??????????# #??????????? | | ??????# """"""""" ] #??????????# #??????????? | | ??????# #??????????# #??????????? | | ??????# """"""""" #??????????# #??????????? | | ??????# #??????????# #??????????? | | ??????# *! #??????????# #??????????? | | ??????# !! " " ##?????????# #??????????? | | ??????# "R" #???##????# #??????????? | | ??????# """ ##### #????# #??????????? | | ??????#+#######+######;; # #???## ##????????## | | ??????# #???# |h!![!= ;;;;;"###?# ########## | | ??????# #???# *!%=]/ ] #?# | | ??????# #?### !*= * #?# | | ??????# ####" % %%[ #?# | | ??????# % YY % ;! [ #?# #######+## | | ??????# ##### R = #?######## ^ ### | | ####### #?### ;= ;;""###????????#"" #?# | | % %% #?# #??????????#"" ! #?# | | ####"##?# ;;;#######???????#"Y #?# | | ="""###??# #???????#"" #?# | | Y"#????# #???????#"" #?# | | """#????# @= #???????#^ #?# | | [ ####????# =% #???????# ^ #?# | | #???????# =%= #???????# **! #?# | | ###???????# ####### #???????# **! ### | | ??????????# #?????? u#???#+########## | | ############h ##??????? ^ | | # i #???????? A | | # ????????? | | " ????????? | | "" """ """?/ ?????????? | | "" """ """ # ???#######+######+########## | | "" """ """ # ???# # ######## | | # ???# # ! """" # #?? | | #+########## ???# # ""R" # #?? | | ###########+#####+## # "" " #! #?? | | + ## #!!! # #?? | | ###### """""" ## #!!! # ### | | #####????# """""" ## #!! ?# =%/ | | #???????# """""" #?? #? ???# #% | | #???????# """""" #???? ???#+#???####### | | #???????# #?????#+#??### ###?# | | #???????# """""" #?????# #### #?# | | #???????# """""" ####### ### | | #???????# """""" + | | #???????# """""" ####### ########### | +----------------------------------------------------+ Best States ------------- Heat Dissipation 70 Energy Generation 18 Energy Capacity 250 Matter Stores 300 Matter Capacity 300 Sight Range 22 Robot Scan Range 14 Terrain Scan Density 10 Armor Coverage 450 Resistance: EM 15 Propulsion Shielding 66 Utility Shielding 66 Evasion (%) 55 Targeting Accuracy 8 Recoil Reduction 2 Offensive Hacking 10 Item Schematics ----------------- Xenon Bombardment Thruster | -6/Factory | Scanalyzed Robot Schematics ------------------ None Fabricated ------------ Nothing Alien Tech Used ----------------- None Achievements -------------- None Challenges ------------ None Game ------ Seed EncryptedTowerFlail Manual? 0 Play Time 00:52:07 Cumulative 117.4 hours Start 2025.03.11 @ 23:59:50 End 2025.03.12 @ 11:50:41 Sessions 1 Manual Loads 0 Difficulty Rogue Special Mode None Game No. 174 Rogue 157 Adventurer 15 Explorer 2 Win Type - Total 1 Types 1/0/0/0/0/0/0/0/0 Lore% 21 Gallery% 56 Achievement% 44 Wizard Run 0 Options --------- Layout 0 ASCII 0 Keyboard 0 Movement Arrows Keybinds 0 Fullscreen 1 Font 36/Smallcaps Map View 76x50 Zoom Use 0% Tactical HUD 1 Map Filters NONE Filters NONE Steam 1 RUN: 3d0532de-bce9-4b95-ab65-eda005228f21